Map: Orbital Shipyard

Players

MentalMath

  • Race: Protoss Protoss
  • League: Diamond

LilDicky - Winner!

  • Race: Terran Terran
  • League: Diamond

VOD

http://www.twitch.tv/tumescentpie

Description

Time

  • Played on: Dec. 9, 2015, 9:51 a.m.
  • Length: 4:40
Show
View Real Time Build Order
Export as new Build Order

MentalMath Protoss 

Build Orders:  

Get SALT Encoding   

  12  0:01  Probe (Chrono Boost)  
  13  0:15  Pylon  
  13  0:19  Probe (Chrono Boost)  
  14  0:23  Assimilator  
  14  0:35  Gateway  
  14  0:41  Probe (Chrono Boost)  
  15  0:52  Probe (Chrono Boost)  
  16  1:02  Probe (Chrono Boost)  
  17  1:13  Probe (Chrono Boost)  
  18  1:23  Probe (Chrono Boost)  
  18  1:25  Cybernetics Core  
  19  1:26  Gateway  
  19  1:34  Probe (Chrono Boost)  
  19  1:35  Pylon  
  20  2:01  Warp Gate (Chrono Boost)  
  20  2:04  Adept  
  20  2:07  Robotics Facility  
  22  2:13  Adept  
  24  2:19  Gateway  
  24  2:23  Gateway  
  24  2:32  Adept  
  26  2:55  Adept  
  26  2:56  Warp Prism  
  30  3:14  Pylon  
  30  3:21  Adept  
  30  3:23  Probe  
  29  3:35  Probe  
  30  3:47  Probe  
  28  3:59  Probe  
  22  4:12  Probe  
  23  4:24  Probe  
Show
View Real Time Build Order
Export as new Build Order

LilDicky Terran - Winner!

Build Orders:  

Get SALT Encoding   

  12  0:03  SCV  
  13  0:15  SCV  
  14  0:23  Supply Depot  
  14  0:28  SCV  
  15  0:36  Refinery  
  15  0:44  SCV  
  15  0:47  Barracks  
  16  0:56  SCV  
  17  1:08  SCV  
  18  1:20  SCV  
  19  1:33  Orbital Command  
  19  1:35  Marine  
  19  1:37  Supply Depot  
  19  1:39  Factory  
  20  1:55  Marine  
  20  1:59  SCV  
  22  2:06  Barracks  
  22  2:08  Barracks  
  22  2:16  SCV  
  22  2:17  Refinery  
  22  2:19  Supply Depot  
  23  2:33  Barracks Reactor  
  23  2:34  SCV  
  24  2:42  Widow Mine  
  26  2:46  SCV  
  27  2:57  Barracks Tech Lab x2  
  27  2:58  SCV  
  28  3:12  Bunker  
  28  3:19  Widow Mine  
  28  3:22  SCV  
  28  3:24  Marine  
  28  3:25  Marine x2  
  28  3:26  Marine  
  35  3:35  SCV  
  35  3:42  Marine x2  
  35  3:46  Supply Depot  
  35  3:47  SCV  
  27  4:13  Marine x2  
  27  4:14  Marauder  
Tags
 
Add a new tag
Caveats
  • Supply blocks, unpowered buildings, or Contaminate may cause inaccurate times.
  • Supply counts are checked every 10 seconds.